 Dungeon Crawl Stone Soup version 0.23.2-30-g0e89c35649 (webtiles) character file.

Game seed: 16551224644200810668

525 Acheron the Chopper (level 7, -5/61 HPs)
             Began as a Gargoyle Gladiator on June 20, 2019.
             Was an Initiate of Okawaru.
             Killed by divine providence
             ... invoked by an orc priest
              (11 damage)
             ... on level 5 of the Dungeon.
             The game lasted 00:19:51 (3273 turns).

Acheron the Chopper (Gargoyle Gladiator)            Turns: 3273, Time: 00:19:52

Health: -5/61      AC: 23    Str: 18    XL:     7   Next: 23%
Magic:  10/10      EV:  2    Int:  9    God:    Okawaru [......]
Gold:   217        SH:  0    Dex: 12    Spells: 11/11 levels left

rFire    . . .     SeeInvis .   w - +4 war axe
rCold    . . .     Gourm    .   (no shield)
rNeg     + + +     Faith    .   (armour currently unavailable)
rPois    ∞         Spirit   .   (helmet currently unavailable)
rElec    .         Reflect  .   (cloak currently unavailable)
rCorr    .         Harm     .   (gloves currently unavailable)
MR       .....     NoTele   +   (boots currently unavailable)
Stlth    ++........             (no amulet)
HPRegen  0.20/turn              (no ring)
MPRegen  0.12/turn              (no ring)

@: tree-form, hasted, very quick
A: negative energy resistance 1, petrification resistance, rot immunity, AC +4
a: Renounce Religion


You were on level 5 of the Dungeon.
You worshipped Okawaru.
Okawaru was noncommittal.
You were not hungry.
You were a tree.
You visited 1 branch of the dungeon, and saw 6 of its levels.

You collected 217 gold pieces.

Inventory:

Hand Weapons
 j - a +4 dagger
 q - a +2 whip of venom
 s - a +0 hunting sling
 v - a +0 halberd of chopping
 w - a +4 war axe (weapon)
Missiles
 d - 3 throwing nets (quivered)
 h - 83 sling bullets
 k - 14 poisoned needles
 m - 95 arrows
Armour
 b - a +0 leather armour (melded)
 c - a +0 helmet (melded)
 l - a +2 chain mail of magic resistance
 t - a +1 pair of boots (melded)
 y - a scarf of spirit shield
Jewellery
 p - an uncursed amulet of guardian spirit {unknown}
Scrolls
 i - 2 scrolls of amnesia
 n - 2 scrolls of identify
 x - a scroll of remove curse
Potions
 e - 2 potions of ambrosia
 o - a potion of agility {unknown}
 u - a potion of brilliance {unknown}
Comestibles
 f - 9 rations
 r - a chunk of flesh


   Skills:
 + Level 3.1 Fighting
 + Level 4.8 Axes
 + Level 2.0 Throwing
 + Level 1.7 Armour
 * Level 3.3 Dodging
 * Level 3.2 Stealth
 * Level 2.5 Spellcasting


You had 11 spell levels left.
You didn't know any spells.
Your spell library was empty.

Dungeon Overview and Level Annotations

Branches:
Dungeon (6/15)
 Temple: D:4-7

Altars:
Cheibriados
Dithmenos
Okawaru

Shops:
D:5 *

Annotations:
D:2 1 runed translucent door, Crazy Yiuf
D:4 exclusion: downstairs
D:5 Ijyb


Innate Abilities, Weirdness & Mutations

You are resistant to torment.
((Your stone body is resilient. (AC +4)))
You are immune to poison.
You resist negative energy. (rN+)
((You are resistant to electric shocks. (rElec)))
((You can survive without breathing.))
You are immune to petrification.
You are immune to rotting.


Message History

* * * LOW HITPOINT WARNING * * *
It was a potion of haste.
You feel yourself speed up.
The howler monkey skeleton hits you but does no damage.
The orc priest hits you but does no damage.
Ijyb hits you but does no damage.
It was a potion of flight.
Your roots keep you in place.
You feel less confused.
The howler monkey skeleton hits you but does no damage.
The orc priest hits you but does no damage.
You hit the orc priest.
The orc priest is almost dead.
You hit Ijyb but do no damage. You slash the howler monkey skeleton!
Ijyb hits you but does no damage. The howler monkey skeleton hits you.
* * * LOW HITPOINT WARNING * * *
You closely miss the orc priest.
The orc priest is almost dead.
You hit the howler monkey skeleton. You hit Ijyb but do no damage.
The orc priest mumbles some strange prayers to Beogh against you.
Beogh smites you!
You die...

.....................#...........
......<.##..........##...........
....................#........†...
............#..#.................
#...##.....##.##.............#...
#...##..>...#......#.....##.##..#
##.................#...####.#...#
.........#...##oZg..........#..##
....#.#..##...##♣.##...........#
....####.....##..##........##..##
..#..###........................#
.....#.#.##..#............##....#
.......#.....##...........####..#
..............#...........# ####
..........÷...........#..##
.....##......##....#..####
.....##)...####.####.##


You could see Ijyb, an orc priest and a howler monkey skeleton.

Vanquished Creatures
  A big kobold (D:4)
  2 scorpions
  A hound (D:5)
  A bullfrog skeleton (D:4)
  An orc wizard (D:2)
  4 gnolls (D:4)
  10 adders
  2 oozes (D:1)
  An adder zombie (D:5)
  4 worms
  4 dart slugs
  3 leopard geckos
  13 orcs
  7 bats
  6 giant cockroaches
  10 goblins
  9 hobgoblins
  9 jackals
  6 kobolds
  A ball python (D:4)
  6 frilled lizards
  11 rats
112 creatures vanquished.

Notes
Turn   | Place    | Note
-------+----------+-------------------------------------------
     0 | D:1      | Acheron the Gargoyle Gladiator began the quest for the Orb.
     0 | D:1      | Reached XP level 1. HP: 12/12 MP: 1/1
   121 | D:1      | Reached XP level 2. HP: 17/17 MP: 2/2
   198 | D:1      | Reached skill level 1 in Stealth
   298 | D:1      | Reached skill level 3 in Axes
   298 | D:1      | Reached XP level 3. HP: 22/22 MP: 4/4
   528 | D:1      | Reached skill level 1 in Spellcasting
  1005 | D:2      | Reached XP level 4. HP: 27/27 MP: 5/5
  1289 | D:2      | Reached XP level 5. HP: 11/31 MP: 7/7
  1681 | D:2      | Found a runed translucent door.
  1682 | D:2      | Noticed Crazy Yiuf
  1766 | D:2      | Reached skill level 1 in Armour
  2198 | D:3      | Found a snail-covered altar of Cheibriados.
  2456 | D:3      | Reached skill level 4 in Axes
  2533 | D:4      | Noticed a big kobold
  2542 | D:4      | Killed a big kobold
  2542 | D:4      | Reached XP level 6. HP: 32/36 MP: 7/9
  2618 | D:5      | Entered Level 5 of the Dungeon
  2618 | D:5      | Found Ixkoceqa's Assorted Antiques.
  2618 | D:5      | Noticed an ice beast
  3038 | D:4      | Found an iron altar of Okawaru.
  3053 | D:4      | Became a worshipper of Warmaster Okawaru
  3153 | D:5      | Found a shadowy altar of Dithmenos.
  3217 | D:5      | Reached XP level 7. HP: 40/41 MP: 10/10
  3240 | D:5      | Noticed Ijyb
  3273 | D:5      | Killed from afar by an orc priest

Skill      XL: |  1  2  3  4  5  6 |
---------------+-------------------+-----
Throwing       | 2 |  2.0
Stealth        | 1 2 3 |  3.2
Axes           | 3 4 |  4.8
Spellcasting   | 1 2 |  2.5
Armour         | 1 |  1.7
Dodging        | 3 |  3.3
Fighting       | 3 |  3.1

Action                   |  1- 3 |  4- 6 |  7- 9 || total
-------------------------+-------+-------+-------++-------
Melee: War axe           |    96 |   206 |    14 ||   316
  Use: Scroll            |       |    10 |       ||    10
       Potion            |       |       |     3 ||     3
 Stab: Sleeping          |     1 |     5 |       ||     6
  Eat: Chunk             |       |     8 |       ||     8
Armor: Leather armour    |    40 |   110 |    18 ||   168
       Skin              |       |       |     9 ||     9
Dodge: Dodged            |    80 |   165 |    22 ||   267
